 Dungeon Crawl Stone Soup version 0.24-a0-355-gbe4061de67 (webtiles) character file.

Game seed: 11626807599494347871

24593 boobed the Brawler (level 12, -1/171 HPs)
             Began as a Troll Berserker on May 24, 2019.
             Was a High Priest of Trog.
             Killed by divine providence
             ... invoked by a meliai
              (12 damage)
             ... on level 14 of the Dungeon.
             The game lasted 00:27:02 (11287 turns).

boobed the Brawler (Troll Berserker)               Turns: 11287, Time: 00:27:03

Health: -1/171     AC: 16    Str: 33    XL:     12   Next: 82%
Magic:  11/11      EV: 10    Int:  8    God:    Trog [*****.]
Gold:   736        SH:  0    Dex:  9    Spells: 11/11 levels left

rFire    + . .     SeeInvis .     - Unarmed
rCold    . . .     Gourm    +   (no shield)
rNeg     . . .     Faith    .   M - +0 steam dragon scales
rPois    .         Spirit   .   p - +2 hat
rElec    +         Reflect  .   E - +2 cloak
rCorr    .         Harm     .   (gloves unavailable)
MR       ++...                  (boots unavailable)
Stlth    ..........             (no amulet)
HPRegen  1.78/turn              F - ring "Qoutist" {rElec rF+ Int+3 Stlth+}
MPRegen  0.12/turn              n - +3 ring of slaying

@: berserking, lethally poisoned (-1 -> -7), regenerating, very quick
A: large, unfitting armour, claws 3, horns 1, blink, clumsy 1, fast metabolism
3, gourmand, sense surroundings 1, regeneration 1, shaggy fur 1, tough skin 3
a: Blink, Berserk, Trog's Hand, Brothers in Arms, Renounce Religion


You were on level 14 of the Dungeon.
You worshipped Trog.
Trog was extremely pleased with you.
You were very full.

You visited 1 branch of the dungeon, and saw 14 of its levels.
You also visited: Sewer.

You collected 736 gold pieces.

Inventory:

Hand Weapons
 o - a +0 scythe of venom
Missiles
 x - 26 curare-tipped darts
 y - 10 silver boomerangs
 L - 5 javelins
 T - 9 large rocks (quivered)
 V - 2 throwing nets
 X - 3 boomerangs of dispersal
Armour
 a - a +0 animal skin
 p - a +2 hat (worn)
 E - a +2 cloak (worn)
 M - +0 steam dragon scales (worn)
Jewellery
 k - an uncursed ring of ice
 n - a +3 ring of slaying (right claw)
 F - the ring "Qoutist" (left claw) {rElec rF+ Int+3 Stlth+}
   (You found it on level 7 of the Dungeon)

   [ring of protection from fire]

   It affects your intelligence (+3).
   It protects you from fire.
   It insulates you from electricity.
   It makes you more stealthy.
 G - an uncursed ring of protection from magic
Wands
 l - a wand of random effects (52)
 I - a wand of digging (6)
 J - a wand of iceblast (10)
 O - a wand of polymorph (5)
 W - a wand of disintegration (14)
Scrolls
 c - a scroll of acquirement {unknown}
 e - a scroll of magic mapping
 f - a scroll of identify
 h - 6 scrolls of amnesia
 i - 8 scrolls of remove curse
 j - 5 scrolls of teleportation
 r - 4 scrolls of fear
 s - 4 scrolls of fog
 v - 3 scrolls of blinking
Potions
 d - 3 potions of brilliance
 g - 8 potions of curing
 m - a potion of haste {unknown}
 t - a potion of lignification {unknown}
 u - 2 potions of cancellation
 w - 5 potions of degeneration
 z - 3 potions of mutation
 A - a potion of invisibility {unknown}
 B - 6 potions of might
 D - 2 potions of berserk rage
 K - 3 potions of ambrosia
 P - 2 potions of resistance
 R - a potion of agility {unknown}
 S - a potion of heal wounds {unknown}
Comestibles
 b - 20 rations
 C - 8 chunks of flesh


   Skills:
 + Level 6.2 Fighting
 + Level 3.2 Throwing
 * Level 7.5 Armour
 - Level 2.4 Dodging
 - Level 0.3 Stealth
 + Level 17.3 Unarmed Combat
 + Level 0.2 Evocations


You had 11 spell levels left.
You didn't know any spells.
Your spell library was empty.

Dungeon Overview and Level Annotations

Branches:
Dungeon (13/15)            Temple (0/1) D:5            Lair (0/6) D:8
    Orc (0/2) D:11         Vaults (0/5) D:14

Altars:
Ashenzari
Dithmenos
Elyvilon
Fedhas
Gozag
Hepliaklqana
Nemelex Xobeh
Okawaru
Wu Jian
Beogh

Portals:
Gauntlet: D:14

Annotations:
D:10 3 runed translucent doors, Hylith's ghost, novice DDNe


Innate Abilities, Weirdness & Mutations

You are too large for most types of armour.
You have claws for hands.
Your metabolism is lightning-fast.
You like to eat raw meat.
Your natural rate of healing is unusually fast.
You are covered in fur. (AC +1)
You have extremely tough skin. (AC +3)
You have a pair of small horns on your head.
You can translocate small distances at will.
You are clumsy. (Dex -2)
You passively map a small area around you.


Message History

* * * LOW HITPOINT WARNING * * *
The bullfrog hits you.
* * * LOW HITPOINT WARNING * * *
A red film seems to cover your vision as you go berserk!
You feel yourself moving faster!
You feel mighty!
You feel a lot less full.
You feel very sick. The meliai hits you but does no damage.
The meliai stings you.
* * * LOW HITPOINT WARNING * * *
You are more poisoned.
The meliai poisons you! The meliai hits you with a +0 war axe.
* * * LOW HITPOINT WARNING * * *
The meliai stings you.
* * * LOW HITPOINT WARNING * * *
The centaur warrior hits you but does no damage.
The bullfrog barely misses you. The meliai hits you with a +0 war axe.
* * * LOW HITPOINT WARNING * * *
The meliai stings you but does no damage.
The meliai mumbles some strange prayers to its god against you.
Something smites you!
You die...

,,,,,,,,,,**,,,,,,,,,,,,,,,,,,,,,
*********###+####+######*,,,,***+
,<***,,,................*,,,,***,
,,,,*,,,................*,,,,,*,,
,,<,*,,,,.........∩.....*,,,,,*,,
,,,,*,,,,...............*,,,,,*,,
,,,,+,**####............+,,,,,*,,
,,,,*,,,................*********
,,,,*,,,.......y@.......*******,,
,,,,*########.JycF......*,,,,,*,,
,,,,*#......#.J.y.......*,,,,,*,,
*****#......#...........*,,,,,*,,
,,,,,#.....[#...........',,,,,+,,
****,#......'..########.*,,,,,*,,
* *,#......#..#*******,*,,,,,*,,
****,#......#....y,,,,,,*,,,,,*,,
,,,,,+.)....#.......,,,,*,,,,,*,,


You could see 2 slime creatures, a centaur warrior, 3 meliai and a bullfrog.

Vanquished Creatures
  A very ugly thing (D:10)
  A hydra (D:12)
  Erolcha (D:9)
  A two-headed ogre (D:9)
  2 centaur warriors
  A death knight (D:11)
  A skeletal warrior (D:11)
  Pikel (D:4)
  A cyclops (D:11)
  A salamander (shapeshifter) (D:12)
  6 ugly things
  Joseph (D:9)
  A gargoyle (D:11)
  A kobold demonologist (D:7)
  A merfolk (D:11)
  A troll (D:12)
  Grinder (D:6)
  5 hippogriffs
  A slime creature (D:14)
  A meliai zombie (D:11)
  Sigmund (D:3)
  4 wraiths
  A steam dragon (D:7)
  20 yaks
  A wyvern (D:12)
  A hungry ghost (D:12)
  Edmund (D:5)
  A basilisk (D:13)
  A vampire mosquito (D:7)
  A warg (D:10)
  Duvessa (D:6)
  A porcupine (D:8)
  3 water moccasins
  11 orc warriors
  2 ice beasts
  Purgy (Sewer)
  4 black bears
  3 phantoms
  4 sky beasts
  4 ogres
  2 necrophages
  13 centaurs
  2 crocodiles
  4 bullfrogs
  5 big kobolds
  A wyvern zombie (D:10)
  Dowan (D:6)
  5 scorpions
  5 killer bees (D:8)
  18 wights
  3 howler monkeys (D:9)
  4 crimson imps
  2 centaur zombies
  8 hounds
  8 orc priests
  2 bullfrog skeletons
  3 jellies
  3 bullfrog zombies
  Crazy Yiuf (D:4)
  6 orc wizards
  2 centaur skeletons
  3 iguanas
  5 worker ants
  3 hound skeletons (D:7)
  3 worker ant zombies
  23 adders
  4 gnolls (D:5)
  2 howler monkey skeletons (D:7)
  A shadow imp (D:8)
  An adder zombie (D:8)
  3 oozes
  4 worms
  2 dart slugs (D:2)
  4 leopard geckos
  49 orcs
  2 ball pythons
  4 bats
  13 giant cockroaches
  2 goblins
  4 hobgoblins
  27 kobolds
  8 quokkas
  4 frilled lizards
  2 leopard gecko skeletons
  A quokka zombie (D:9)
  8 rats
  2 plants
378 creatures vanquished.

Vanquished Creatures (others)
  8 fungi (D:8)
8 creatures vanquished.

Grand Total: 386 creatures vanquished

Notes
Turn   | Place    | Note
-------+----------+-------------------------------------------
     0 | D:1      | boobed the Troll Berserker began the quest for the Orb.
     0 | D:1      | Reached XP level 1. HP: 22/22 MP: 0/0
   211 | D:1      | Reached XP level 2. HP: 25/29 MP: 1/1
   742 | D:2      | Found a blossoming altar of Fedhas.
   865 | D:2      | Reached XP level 3. HP: 27/36 MP: 2/2
  1181 | D:2      | Reached skill level 4 in Unarmed Combat
  1242 | D:2      | Reached XP level 4. HP: 45/45 MP: 3/3
  1778 | D:3      | Noticed Sigmund
  1785 | D:3      | Killed Sigmund
  1785 | D:3      | Reached skill level 5 in Unarmed Combat
  1785 | D:3      | Reached XP level 5. HP: 43/54 MP: 4/4
  2032 | D:3      | Reached XP level 6. HP: 62/62 MP: 5/5
  2181 | D:3      | Found an opulent altar of Gozag.
  2342 | D:3      | Reached ** piety under Trog
  2739 | D:4      | Found a glowing drain.
  2740 | D:4      | Found a shattered altar of Ashenzari.
  2766 | D:4      | Found a white marble altar of Elyvilon.
  2799 | D:4      | Reached skill level 6 in Unarmed Combat
  2816 | Sewer    | Entered a sewer
  2821 | Sewer    | Noticed Purgy
  2828 | Sewer    | Killed Purgy
  3155 | D:4      | Noticed a slave
  3189 | D:4      | Noticed a slave
  3192 | D:4      | Noticed a slave
  3194 | D:4      | Noticed Pikel
  3195 | D:4      | Noticed a slave
  3202 | D:4      | Killed Pikel
  3202 | D:4      | Reached skill level 8 in Unarmed Combat
  3202 | D:4      | Reached XP level 7. HP: 70/70 MP: 6/6
  3305 | D:4      | Found a runed translucent door.
  3306 | D:4      | Noticed Crazy Yiuf
  3443 | D:4      | Found an iron altar of Okawaru.
  3584 | D:4      | Reached XP level 8. HP: 76/78 MP: 7/7
  3677 | D:4      | Killed Crazy Yiuf
  3713 | D:5      | Entered Level 5 of the Dungeon
  3726 | D:5      | Reached skill level 9 in Unarmed Combat
  3739 | D:5      | Noticed Edmund
  3746 | D:5      | Killed Edmund
  3753 | D:5      | Reached skill level 1 in Armour
  3859 | D:5      | Reached *** piety under Trog
  3896 | D:5      | Got a scintillating brass ring
  3898 | D:5      | Identified the ring "Wosezay" {rN+ Stlth+} (You found it on
                  | level 5 of the Dungeon)
  4046 | D:5      | Reached skill level 10 in Unarmed Combat
  4299 | D:5      | Reached XP level 9. HP: 85/85 MP: 8/8
  4335 | D:5      | Found a staircase to the Ecumenical Temple.
  4359 | D:5      | Found a shadowy altar of Dithmenos.
  4370 | D:5      | Found an ornate altar of the Wu Jian Council.
  4747 | D:6      | Noticed Duvessa
  4748 | D:6      | Noticed Dowan
  4755 | D:6      | Killed Duvessa
  4755 | D:6      | Reached skill level 11 in Unarmed Combat
  4756 | D:6      | Killed Dowan
  4910 | D:6      | Noticed Grinder
  4910 | D:6      | Paralysed by Grinder for 6 turns
  4918 | D:6      | Reached skill level 1 in Throwing
  4926 | D:6      | Killed Grinder
  5026 | D:6      | Found a sparkling altar of Nemelex Xobeh.
  5137 | D:7      | Got a glittering lead ring
  5139 | D:7      | Identified the ring "Qoutist" {rElec rF+ Int+3 Stlth+} (You
                  | found it on level 7 of the Dungeon)
  5159 | D:7      | Found a hazy altar of Hepliaklqana.
  5198 | D:7      | Reached **** piety under Trog
  5420 | D:7      | Reached skill level 12 in Unarmed Combat
  5570 | D:7      | Reached XP level 10. HP: 94/94 MP: 9/9
  5970 | D:8      | Reached ***** piety under Trog
  6116 | D:8      | Reached skill level 5 in Fighting
  6118 | D:8      | Received a gift from Trog
  6161 | D:8      | Reached skill level 13 in Unarmed Combat
  6299 | D:8      | Found a staircase to the Lair.
  6542 | D:9      | Noticed a two-headed ogre
  6556 | D:9      | Killed a two-headed ogre
  6556 | D:9      | Reached skill level 5 in Armour
  6842 | D:9      | Noticed Erolcha
  6853 | D:9      | Killed Erolcha
  6853 | D:9      | Reached skill level 14 in Unarmed Combat
  6853 | D:9      | Reached XP level 11. HP: 104/104 MP: 10/10
  7070 | D:9      | Noticed Joseph
  7080 | D:9      | Killed Joseph
  7202 | D:9      | Found a roughly hewn altar of Beogh.
  7552 | D:10     | Entered Level 10 of the Dungeon
  7562 | D:10     | Noticed Sonja
  7583 | D:10     | Noticed Sonja
  7583 | D:10     | Sonja changed into Sonja the warg
  7593 | D:10     | Killed Sonja the warg
  7960 | D:10     | Found a runed translucent gate.
  7960 | D:10     | Found a runed translucent gate.
  7960 | D:10     | Found a runed translucent gate.
  7960 | D:10     | Noticed a purple very ugly thing
  7960 | D:10     | Noticed a brown ugly thing
  7961 | D:10     | Noticed a purple ugly thing
  7961 | D:10     | Noticed a purple ugly thing
  7961 | D:10     | Noticed a green ugly thing
  8592 | D:10     | Gained mutation: You are clumsy. (Dex -2) [potion of
                  | mutation]
  8592 | D:10     | Gained mutation: You are robust. (+10% HP) [potion of
                  | mutation]
  8593 | D:10     | Lost mutation: You are clumsy. (Dex -2) [potion of
                  | mutation]
  8593 | D:10     | Lost mutation: You are robust. (+10% HP) [potion of
                  | mutation]
  8593 | D:10     | Gained mutation: Armour fits poorly on your strangely
                  | shaped body. [potion of mutation]
  8593 | D:10     | Gained mutation: You are robust. (+10% HP) [potion of
                  | mutation]
  8593 | D:10     | Gained mutation: You have a pair of small antennae on your
                  | head. [potion of mutation]
  8594 | D:10     | Lost mutation: You have a pair of small antennae on your
                  | head. [potion of mutation]
  8594 | D:10     | Lost mutation: You are robust. (+10% HP) [potion of
                  | mutation]
  8594 | D:10     | Lost mutation: Armour fits poorly on your strangely shaped
                  | body. [potion of mutation]
  8594 | D:10     | Gained mutation: You passively map a small area around you.
                  | [potion of mutation]
  8594 | D:10     | Gained mutation: You are clumsy. (Dex -2) [potion of
                  | mutation]
  8594 | D:10     | Gained mutation: You can translocate small distances at
                  | will. [potion of mutation]
  8594 | D:10     | Gained mutation: You have a pair of small horns on your
                  | head. [potion of mutation]
  8603 | D:10     | Killed a cyan very ugly thing
  8603 | D:10     | Reached skill level 15 in Unarmed Combat
  8606 | D:10     | Killed a red ugly thing
  8608 | D:10     | Killed a cyan ugly thing
  8612 | D:10     | Killed a white ugly thing
  8615 | D:10     | Killed a purple ugly thing
  8617 | D:10     | Found a runed translucent gate.
  8617 | D:10     | Found a runed translucent gate.
  8620 | D:10     | Noticed a harpy
  8621 | D:10     | Noticed Hylith's ghost (novice DDNe)
  8621 | D:10     | a harpy changed into a hippogriff
  8622 | D:10     | Found a runed translucent gate.
  8665 | D:11     | Found a staircase to the Orcish Mines.
  8957 | D:11     | Noticed a brown ugly thing
  8969 | D:11     | Killed a brown ugly thing
  9126 | D:11     | Received a gift from Trog
  9128 | D:11     | Reached XP level 12. HP: 101/113 MP: 11/11
  9248 | D:11     | Reached skill level 16 in Unarmed Combat
  9488 | D:11     | Noticed a death knight
  9497 | D:11     | Killed a death knight
  9840 | D:12     | Identified the +5 quarterstaff of Ompimy {holy, rPois MP+9}
  9885 | D:12     | Received a gift from Trog
 10479 | D:12     | Noticed an eight-headed hydra
 10483 | D:12     | Killed a ten-headed hydra
 10717 | D:13     | Noticed a centaur warrior
 10727 | D:13     | Killed a centaur warrior
 10779 | D:13     | Reached skill level 17 in Unarmed Combat
 11207 | D:13     | You fall into a shaft and drop 1 floor!
 11208 | D:14     | Noticed a centaur warrior
 11213 | D:14     | Killed a centaur warrior
 11256 | D:14     | Found a gate to the Vaults.
 11256 | D:14     | Noticed a two-headed ogre
 11256 | D:14     | Noticed a vault guard
 11256 | D:14     | Noticed a vault guard
 11256 | D:14     | Noticed a vault guard
 11256 | D:14     | Noticed a vault guard
 11281 | D:14     | Noticed a centaur warrior
 11282 | D:14     | Found a gate leading to a gauntlet.
 11287 | D:14     | Killed from afar by a meliai

Levels and vault maps discovered:
D:1:      dpeg_arrival_solitude, layout_basic, nrook_mini_backslash
D:2:      layout_loops_ring, fedhas_altar_4
D:3:      layout_basic, marbit_many_paths, first_ration, uniq_sigmund
D:4:      layout_cave_pools, elyvilon_altar_1, overflow_temple_1_default,
          overflow_temple_1_default, gup_sewer_entry_glass, uniq_pikel,
          uniq_crazy_yiuf_cottage
D:5:      cheibrodos_fzero, layout_rooms, minitemple,
          minmay_temple_entry_gardened_gates, lexackson_kobold_supper,
          uniq_edmund
D:6:      layout_cave_pools, lemuel_round_altar, uniq_duvessa, uniq_grinder
D:7:      kennysheep_windowed_halls, layout_gridville, lemuel_crystal_altar
D:8:      layout_rooms, grunt_lair_entry_orc_guard_hut
D:9:      layout_long_grid, special_room [special_room_orc], uniq_erolcha,
          uniq_joseph
D:10:     layout_grid_maze, ploomutoo_gammafunk_ghost_potion_laboratory,
          uniq_sonja
D:11:     layout_long_grid, david_orc_3, hangedman_fish_farm
D:12:     layout_basic
D:13:     layout_stronghold, basic_altar
D:14:     layout_stronghold, lightli_vaults_fourway_checkpoint,
          gauntlet_entry_generic, cheibriados_altar_1,
          chequers_serial_rivers_micro_b, st_stairs_12

Skill      XL: |  1  2  3  4  5  6  7  8  9 10 11 12 |
---------------+-------------------------------------+-----
Fighting       | 3 4 5 6 |  6.2
Unarmed Combat | 4 5 8 10 12 14 15 17 | 17.3
Armour         | 2 3 5 6 7 |  7.5
Throwing       | 1 2 3 |  3.2
Dodging        | |  2.4
Stealth        | |  0.3
Evocations     | |  0.2

Action                   |  1- 3 |  4- 6 |  7- 9 | 10-12 || total
-------------------------+-------+-------+-------+-------++-------
Melee: Unarmed           |    77 |   125 |   209 |   545 ||   956
       Punch             |     1 |     1 |     8 |    30 ||    40
       Headbutt          |       |       |       |    49 ||    49
Throw: Dart              |       |       |    12 |     7 ||    19
       Javelin           |       |       |       |     3 ||     3
       Large rock        |       |       |       |     5 ||     5
Invok: Berserk           |       |     2 |     7 |     9 ||    18
       Trog's Hand       |       |     1 |     2 |     7 ||    10
Evoke: Wand              |       |       |       |     3 ||     3
  Use: Scroll            |       |       |       |    20 ||    20
       Potion            |       |       |       |     4 ||     4
 Stab: Sleeping          |     1 |     2 |     4 |     9 ||    16
  Eat: Chunk             |    11 |    24 |    30 |    65 ||   130
Armor: Animal skin       |    26 |    48 |    71 |     1 ||   146
       Steam dragon scal |       |       |       |   234 ||   234
Dodge: Dodged            |    41 |    62 |    86 |   237 ||   426

Table legend:
 A = Non-vault XP
 B = Vault XP
 C = Vault XP percentage of total XP
 D = Non-vault monster count
 E = Vault monster count
 F = Vault count percentage of total count
                 A         B        C        D         E       F
            +---------+---------+-------+---------+---------+-------
      Total |   24444 |   10690 |  30.4 |     279 |      97 |  25.8
            +---------+---------+-------+---------+---------+-------
        D:1 |      19 |       0 |   0.0 |       8 |       0 |   0.0
        D:2 |     113 |       0 |   0.0 |      22 |       0 |   0.0
        D:3 |      73 |     225 |  75.5 |      18 |       2 |  10.0
        D:4 |     277 |     679 |  71.0 |      10 |       7 |  41.2
        D:5 |     725 |     586 |  44.7 |      22 |      18 |  45.0
        D:6 |     613 |     515 |  45.7 |      11 |       3 |  21.4
        D:7 |     922 |    1441 |  61.0 |      22 |      16 |  42.1
        D:8 |    1068 |     818 |  43.4 |      24 |       6 |  20.0
        D:9 |    2576 |    2024 |  44.0 |      24 |      25 |  51.0
       D:10 |    1997 |    3731 |  65.1 |      21 |       6 |  22.2
       D:11 |    7204 |     517 |   6.7 |      38 |       8 |  17.4
       D:12 |    4242 |       0 |   0.0 |      34 |       0 |   0.0
       D:13 |    3341 |       0 |   0.0 |      22 |       0 |   0.0
       D:14 |    1274 |       0 |   0.0 |       3 |       0 |   0.0
      Sewer |       0 |     154 | 100.0 |       0 |       6 | 100.0
            +---------+---------+-------+---------+---------+-------
